 Dungeon Crawl Stone Soup version 0.23-a0-629-gae4348f (webtiles) character file.

2014 Ragbag the Insei (level 9, 0/70 HPs)
             Began as a Merfolk Transmuter on Dec 26, 2018.
             Slain by Menkaure (12 damage)
             ... on level 6 of the Dungeon.
             The game lasted 00:30:10 (8675 turns).

Ragbag the Insei (Merfolk Transmuter)               Turns: 8675, Time: 00:30:10

Health: 0/70       AC:  5    Str: 11    XL:     9   Next: 22%
Magic:  12/13      EV: 11    Int: 12    God:
Gold:   347        SH:  0    Dex: 17    Spells: 2/14 levels left

rFire    x . .     SeeInvis .     - Unarmed
rCold    + + +     Gourm    .   (shield currently unavailable)
rNeg     . . .     Faith    .   (armour currently unavailable)
rPois    +         Spirit   .   (helmet currently unavailable)
rElec    .         Reflect  .   (cloak currently unavailable)
rCorr    .         Harm     .   (gloves currently unavailable)
MR       .....                  (boots currently unavailable)
Stlth    ++........             o - amulet of magic regeneration
HPRegen  0.21/turn              m - ring of wizardry
MPRegen  0.38/turn              A - ring of wizardry

@: ice-form
A: large, (change form in water), (swift swim), (stealthy swim)
a: End Transformation


You were on level 6 of the Dungeon.
You were hungry.
You were a creature of crystalline ice.
You visited 2 branches of the dungeon, and saw 7 of its levels.
You also visited: Sewer.

You collected 347 gold pieces.

Inventory:

Hand Weapons
 g - a +2 spear (melded)
 D - the +1 mace of a volcano {freeze, Dex+5}
   (You found it on level 4 of the Dungeon)

   It has been specially enchanted to freeze those struck by it, causing extra
   injury to most foes and up to half again as much damage against particularly
   susceptible opponents.
   It can also slow down cold-blooded creatures.
   It affects your dexterity (+5).
Missiles
 a - 17 arrows
 c - 86 sling bullets
 p - 119 stones (quivered)
 C - 30 poisoned needles
Armour
 b - a +0 robe
 u - a +1 ring mail of cold resistance (melded)
 E - a +0 cloak (melded)
 I - a +2 pair of gloves (melded)
 K - a +2 buckler
Jewellery
 m - a ring of wizardry (left front paw)
 o - an amulet of magic regeneration (around neck)
 A - a ring of wizardry (right front paw)
 H - an uncursed ring of see invisible {unknown}
Wands
 i - a wand of iceblast (6)
 q - a wand of clouds (6)
 F - a wand of flame (9)
 G - a wand of acid (7)
Scrolls
 l - 3 scrolls of blinking
 s - 4 scrolls of teleportation
 J - 2 scrolls of remove curse
Potions
 f - 2 potions of heal wounds {unknown}
 h - a potion of resistance {unknown}
 j - a potion of haste {unknown}
 k - a potion of invisibility {unknown}
 n - a potion of agility
 t - 5 potions of lignification
 v - 3 potions of flight {unknown}
 w - a potion of degeneration {unknown}
 x - a potion of brilliance {unknown}
 B - 3 potions of might {unknown}
 M - a potion of mutation {unknown}
Comestibles
 d - 13 rations
 L - 3 chunks of flesh


   Skills:
 - Level 1.1 Fighting
 - Level 5.4 Polearms
 * Level 5.9 Armour
 - Level 2.8 Dodging
 - Level 7.1 Unarmed Combat
 - Level 3.1 Spellcasting
 - Level 4.7 Transmutations
 - Level 0.3 Ice Magic
 - Level 3.1 Poison Magic


You had 2 spell levels left.
You knew the following spells:

 Your Spells              Type           Power        Failure   Level  Hunger
a - Beastly Appendage     Tmut           ##....       1%          1    #......
b - Sticks to Snakes      Tmut           ##......     1%          2    ###....
c - Spider Form           Tmut/Pois      ##........   4%          3    ###....
d - Ice Form              Ice/Tmut       #.......     21%         4    #####..
e - Ensorcelled Hibernat  Hex/Ice        #.....       10%         2    ###....

Your spell library contained the following spells:

 Spells                   Type           Power        Failure   Level  Hunger
 Corona                   Hex            #......      7%          1    #......
 Confuse                  Hex            #.......     19%         3    ###....
 Dazzling Spray           Conj/Hex       #.....       19%         3    ###....
 Tukima's Dance           Hex            #.......     19%         3    ###....
 Blade Hands              Tmut           ##........   24%         5    ######.


Dungeon Overview and Level Annotations

Branches:
Dungeon (6/15)             Temple (1/1) D:4

Altars:
Ashenzari
Cheibriados
Dithmenos
Gozag
Hepliaklqana
Kikubaaqudgha
Makhleb
Nemelex Xobeh
Okawaru
Qazlal
Ru
Sif Muna
Trog
Uskayaw
Vehumet
Wu Jian
Xom
Yredelemnul
Zin
The Shining One
Beogh

Annotations:
D:4 exclusion: downstairs
D:5 exclusion: downstairs
D:6 2 transporters, Menkaure; SaintRoka's ghost, novice NaBe


Message History

Menkaure is lightly damaged.
Menkaure hits you!! Menkaure hits you.
You barely miss Menkaure.
Menkaure is lightly damaged.
Menkaure completely misses you.
You hit Menkaure.
Menkaure is lightly damaged.
Menkaure hits you!
You completely miss Menkaure.
Menkaure is lightly damaged.
Menkaure hits you!
* * * LOW HITPOINT WARNING * * *
You feel better.
Menkaure points at you and mumbles some strange words.
Pain shoots through your body!
* * * LOW HITPOINT WARNING * * *
You punch Menkaure!
Menkaure is heavily damaged.
Menkaure hits you!
You die...

#####.### #........
#M# #Y# #.# #.# #.#
##+# #####.## ##...##
#......# ##.....##
#.#....## ##.......##
#.#.#...####..........
#.#........+.>........


You could see Menkaure.

Vanquished Creatures
  Grinder (D:6)
  Eustachio (D:6)
  An ice beast (D:6)
  Purgy (Sewer)
  A phantom (D:6)
  3 ogres
  3 scorpions
  3 crimson imps
  2 bullfrog zombies (D:5)
  A bullfrog skeleton (D:4)
  4 orc priests
  A hound (D:6)
  2 iguanas
  Ijyb (D:5)
  4 worker ants
  7 orc wizards
  3 gnolls (D:4)
  7 adders
  A shadow imp (D:6)
  3 worms (D:2)
  5 dart slugs
  4 leopard geckos
  10 orcs
  5 bat zombies (D:5)
  9 giant cockroaches
  7 hobgoblins
  5 jackals
  3 quokkas
  2 ball pythons
  4 bats
  2 frilled lizards (D:4)
  10 goblins
  A jackal zombie (D:6)
  12 kobolds
  A leopard gecko skeleton (D:4)
  A quokka skeleton (D:5)
  11 rats
  2 rat zombies (D:5)
144 creatures vanquished.

Vanquished Creatures (collateral kills)
  A scorpion (D:5)
  An orc wizard (D:6)
  A worker ant (D:5)
3 creatures vanquished.

Vanquished Creatures (others)
  An orc wizard (D:4)
1 creature vanquished.

Grand Total: 148 creatures vanquished

Notes
Turn   | Place    | Note
-------+----------+-------------------------------------------
     0 | D:1      | Ragbag the Merfolk Transmuter began the quest for the Orb.
     0 | D:1      | Reached XP level 1. HP: 15/15 MP: 3/3
   517 | D:1      | Reached skill level 1 in Polearms
   517 | D:1      | Reached XP level 2. HP: 19/21 MP: 3/5
   608 | D:1      | Learned a level 2 spell: Sticks to Snakes
  1023 | D:1      | Reached XP level 3. HP: 26/26 MP: 4/6
  1056 | D:1      | Learned a level 3 spell: Spider Form
  2220 | D:2      | Reached XP level 4. HP: 26/32 MP: 7/7
  2646 | D:2      | Reached skill level 1 in Poison Magic
  3083 | D:3      | Found a deep blue altar of Sif Muna.
  3123 | D:3      | Reached skill level 4 in Unarmed Combat
  3123 | D:3      | Reached XP level 5. HP: 25/37 MP: 9/9
  3545 | D:3      | Found a roughly hewn altar of Beogh.
  3660 | D:3      | Found a glowing drain.
  3695 | Sewer    | Entered a sewer
  3791 | Sewer    | Noticed Purgy
  3825 | Sewer    | Killed Purgy
  3825 | Sewer    | Reached skill level 1 in Armour
  3825 | Sewer    | Reached XP level 6. HP: 30/43 MP: 10/10
  4715 | D:4      | Got a crude mace
  4716 | D:4      | Identified the cursed +1 mace of a volcano {freeze, Dex+5}
                  | (You found it on level 4 of the Dungeon)
  4812 | D:4      | Reached XP level 7. HP: 18/48 MP: 9/11
  5563 | D:4      | Learned a level 4 spell: Ice Form
  5583 | D:4      | Reached skill level 5 in Unarmed Combat
  5717 | D:4      | Learned a level 2 spell: Ensorcelled Hibernation
  5726 | D:4      | Found a staircase to the Ecumenical Temple.
  5731 | Temple   | Entered the Ecumenical Temple
  6356 | D:5      | Entered Level 5 of the Dungeon
  6498 | D:5      | Reached XP level 8. HP: 20/54 MP: 9/12
  6724 | D:5      | Noticed Ijyb
  6733 | D:5      | Killed Ijyb
  6863 | D:5      | Reached skill level 6 in Unarmed Combat
  7447 | D:5      | Found an ancient bone altar of Kikubaaqudgha.
  7710 | D:6      | Noticed Grinder
  7744 | D:6      | Paralysed by Grinder for 7 turns
  7763 | D:6      | Killed Grinder
  7763 | D:6      | Reached skill level 5 in Polearms
  7763 | D:6      | Reached skill level 7 in Unarmed Combat
  7902 | D:6      | Found a transporter.
  7918 | D:6      | Found a transporter.
  7922 | D:6      | Noticed SaintRoka's ghost (novice NaBe)
  8238 | D:6      | Found a sparkling altar of Nemelex Xobeh.
  8274 | D:6      | Reached skill level 5 in Armour
  8274 | D:6      | Reached XP level 9. HP: 59/59 MP: 9/13
  8657 | D:6      | Noticed Eustachio
  8658 | D:6      | Noticed Menkaure
  8669 | D:6      | Killed Eustachio
  8675 | D:6      | Slain by Menkaure

Vault maps used:
D:1:      dpeg_arrival_tiny_c
D:2:      st_stairs_13, nrook_uturn, minivault_14
D:3:      lemuel_blue_sif_altar, gup_sewer_entry_glass, first_ration,
          kennysheep_orc_chapel
D:4:      minmay_temple_entry_proselytizer, minmay_a_box_with_orc_wizards_in_it
D:5:      lemuel_zombie_altar_kikubaaqudgha, uniq_ijyb
D:6:      gammafunk_ghost_stat_death, nemelex_xobeh_ov_fountains_minmay,
          uniq_menkaure, uniq_grinder, uniq_eustachio
Temple:   dpeg_five_rooms_temple
Sewer:    kennysheep_door_sewer

Skill      XL: |  1  2  3  4  5  6  7  8 |
---------------+-------------------------+-----
Polearms       | 1 2 3 4 5 |  5.4
Transmutations | 3 4 |  4.7
Poison Magic   | 1 2 3 |  3.1
Unarmed Combat | 4 5 7 |  7.1
Armour         | 1 3 5 |  5.9
Spellcasting   | 3 |  3.1
Fighting       | |  1.1
Dodging        | |  2.8
Ice Magic      | |  0.3

Action                   |  1- 3 |  4- 6 |  7- 9 || total
-------------------------+-------+-------+-------++-------
Melee: Spear             |   106 |   152 |   121 ||   379
       Unarmed           |     8 |    20 |   120 ||   148
       Headbutt          |    13 |    25 |    24 ||    62
       Punch             |     1 |     4 |     2 ||     7
       Mace              |       |    14 |    37 ||    51
 Cast: Beastly Appendage |    26 |    21 |    22 ||    69
       Spider Form       |       |     5 |    14 ||    19
       Sticks to Snakes  |       |     1 |     6 ||     7
       Ice Form          |       |       |     3 ||     3
  Use: Scroll            |       |     9 |     4 ||    13
       Potion            |       |       |     5 ||     5
 Stab: Sleeping          |     5 |     2 |       ||     7
  Eat: Chunk             |     3 |     4 |    12 ||    19
       Ration            |       |     2 |     1 ||     3
Armor: Robe              |    13 |     1 |       ||    14
       Ring mail         |       |    33 |    62 ||    95
       Skin              |       |     3 |    13 ||    16
Dodge: Dodged            |    43 |    76 |   129 ||   248

Table legend:
 A = Non-vault XP
 B = Vault XP
 C = Vault XP percentage of total XP
 D = Non-vault monster count
 E = Vault monster count
 F = Vault count percentage of total count
                 A         B        C        D         E       F
            +---------+---------+-------+---------+---------+-------
      Total |    1860 |    1018 |  35.4 |     118 |      29 |  19.7
            +---------+---------+-------+---------+---------+-------
        D:1 |      52 |       0 |   0.0 |      27 |       0 |   0.0
        D:2 |      51 |      14 |  21.5 |      19 |       1 |   5.0
        D:3 |      96 |      62 |  39.2 |      18 |       5 |  21.7
        D:4 |     344 |     266 |  43.6 |      18 |       7 |  28.0
        D:5 |     598 |      48 |   7.4 |      19 |       8 |  29.6
        D:6 |     719 |     482 |  40.1 |      17 |       2 |  10.5
      Sewer |       0 |     146 | 100.0 |       0 |       6 | 100.0
            +---------+---------+-------+---------+---------+-------
